 Dungeon Crawl Stone Soup version 0.21.1-1-g345015f (webtiles) character file.

606 inc the Shield-Bearer (level 7, -16/46 HPs)
             Began as an Octopode Fighter on June 12, 2018.
             Demolished by Kagorn's ghost (17 damage)
             ... on level 5 of the Dungeon.
             The game lasted 00:06:07 (3912 turns).

inc the Shield-Bearer (Octopode Fighter)            Turns: 3912, Time: 00:06:08

Health: -16/46     AC:  1    Str: 20    XL:     7   Next: 42%
Magic:  7/7        EV: 12    Int: 12    God:
Gold:   202        SH: 10    Dex: 12    Spells: 6/6 levels left

rFire    . . .     SeeInvis .   a - +0 flail
rCold    . . .     Gourm    .   b - +0 shield
rNeg     . . .     Faith    .   (helmet restricted)
rPois    .         Spirit   .   (no amulet)
rElec    .         Reflect  .   (no ring)
rCorr    .         Harm     .   (no ring)
MR       .....                  (no ring)
Stlth    ++........             (no ring)
HPRegen  0.15/turn              (no ring)
MPRegen  0.10/turn              (no ring)
                                (no ring)
                                (no ring)

@: mighty
A: almost no armour, stealthy swim, amphibious, 8 rings, constrict 8, camouflage
1, gelatinous body 1
a: no special abilities


You were on level 5 of the Dungeon.
You were near starving.

You visited 1 branch of the dungeon, and saw 5 of its levels.

You collected 202 gold pieces.

Inventory:

Hand Weapons
 a - a +0 flail (weapon)
Armour
 b - a +0 shield (worn)
 o - a +2 hat
Jewellery
 s - a cursed ring of teleportation {unknown}
Wands
 q - a wand of acid (8)
Scrolls
 g - a scroll of random uselessness {unknown}
 h - 3 scrolls of remove curse {unknown}
 k - 4 scrolls of identify {unknown}
 n - a scroll of enchant weapon {unknown}
Potions
 e - a potion of cancellation {unknown}
 f - a potion of brilliance {unknown}
 i - a potion of curing {unknown}
 j - a potion of haste {unknown}
 l - a potion of magic {unknown}
 m - a potion of heal wounds {unknown}
 p - a potion of resistance {unknown}
Books
 r - a book of Minor Magic

   Spells                             Type                      Level
   a - Magic Dart                     Conjuration                  1
   b - Blink                          Translocation                2
   c - Call Imp                       Summoning                    2
   d - Slow                           Hexes                        2
   e - Conjure Flame                  Conjuration/Fire             3
   f - Mephitic Cloud                 Conjuration/Poison/Air       3
 t - a book of Maledictions

   Spells                             Type                      Level
   a - Corona                         Hexes                        1
   b - Ensorcelled Hibernation        Hexes/Ice                    2
   c - Confuse                        Hexes                        3
   d - Tukima's Dance                 Hexes                        3
   e - Dazzling Spray                 Conjuration/Hexes            3
Comestibles
 d - 6 rations


   Skills:
 - Level 3.0 Fighting
 + Level 5.8 Maces & Flails
 - Level 3.0 Dodging
 + Level 6.2 Shields


You had 6 spell levels left.
You didn't know any spells.

Dungeon Overview and Level Annotations

Branches:
Dungeon (5/15)
 Temple: D:4-7

Altars:
Hepliaklqana
Makhleb
Ru
Xom
The Shining One

Annotations:
D:4 AdmiralAndromeda's ghost, amateur OpTm
D:5 Dowan; Kagorn's ghost, novice GrFi


Innate Abilities, Weirdness & Mutations

You cannot wear most types of armour.
You are very stealthy in the water. (Stealth+)
You are amphibious.
You can wear up to eight rings at the same time.
You can use your tentacles to constrict eight enemies at once.
Your skin changes colour to match your surroundings (Stealth+).
Your rubbery body absorbs attacks. (AC +1, EV +1)


Message History

Dowan gestures wildly while chanting.
Dowan blinks!
Unknown command.
You hit Kagorn's ghost but do no damage.
Kagorn's ghost is heavily damaged.
Kagorn's ghost barely misses you.
Dowan says, "Magic will overcome all!"
Kagorn's ghost hits you!
* * * LOW HITPOINT WARNING * * *
Unknown command.
Okay, then.
You hit Kagorn's ghost but do no damage.
Kagorn's ghost is heavily damaged.
You block Kagorn's ghost's attack.
Unknown command.
You hit Kagorn's ghost. Your squeeze misses Kagorn's ghost.
Kagorn's ghost is heavily damaged.
You block Dowan's attack. Dowan hits you but does no damage.
Kagorn's ghost hits you!
You die...

#....########.###.#...#.#
#..........##.....#.....##
#....#####.....<.........#
#####... .[
####.....#..##.##
.##...#.W
....##.....#..####
......##
###.#.##.....#...<#
#....##
#...#.##.....#.####
#...... ##...eW#.........
#.....# ... #@#.########
.#.....###.#.###.#.#
...........#..$.)..#
>.....<.#..#########
............#
.........(....#
.#.####.#.#.#.# ..
###.....# # #.#....


You could see Dowan and Kagorn's ghost.

Vanquished Creatures
  Duvessa (D:5)
  An ogre (D:4)
  A phantom (D:4)
  A crimson imp (D:2)
  A hound (D:4)
  2 orc priests (D:3)
  An iguana (D:4)
  A worker ant (D:4)
  An orc wizard (D:4)
  2 adders
  An ooze (D:2)
  7 worms
  3 dart slugs
  3 leopard geckos
  9 orcs
  A giant cockroach (D:4)
  10 goblins
  5 hobgoblins
  3 jackals (D:1)
  2 ball pythons
  14 bats
  5 frilled lizards
  10 kobolds
  6 rats
91 creatures vanquished.

Notes
Turn   | Place    | Note
-------+----------+-------------------------------------------
     0 | D:1      | inc the Octopode Fighter began the quest for the Orb.
     0 | D:1      | Reached XP level 1. HP: 16/16 MP: 1/1
    58 | D:1      | Reached XP level 2. HP: 8/21 MP: 2/2
   790 | D:1      | Reached XP level 3. HP: 26/26 MP: 3/3
  1005 | D:2      | Found a shimmering altar of Xom.
  1006 | D:2      | Found a hazy altar of Hepliaklqana.
  1006 | D:2      | Noticed a tentacled monstrosity
  1007 | D:2      | Noticed a spectral ugly thing
  1007 | D:2      | Noticed a tentacled monstrosity
  1214 | D:2      | Reached skill level 4 in Shields
  1214 | D:2      | Reached XP level 4. HP: 27/31 MP: 4/4
  1655 | D:3      | Reached XP level 5. HP: 36/36 MP: 5/5
  2073 | D:3      | Reached skill level 5 in Shields
  2074 | D:3      | Found a burning altar of Makhleb.
  2084 | D:3      | Found a sacrificial altar of Ru.
  2456 | D:4      | Noticed a phantom
  2526 | D:4      | Noticed an ogre
  2532 | D:4      | Killed an ogre
  2532 | D:4      | Reached XP level 6. HP: 3/42 MP: 6/6
  2918 | D:4      | Noticed AdmiralAndromeda's ghost (amateur OpTm)
  2938 | D:4      | Reached skill level 5 in Maces & Flails
  3520 | D:5      | Entered Level 5 of the Dungeon
  3524 | D:5      | Noticed Kagorn's ghost (novice GrFi)
  3596 | D:4      | Killed a phantom
  3596 | D:4      | Reached skill level 6 in Shields
  3596 | D:4      | Reached XP level 7. HP: 21/46 MP: 7/7
  3858 | D:5      | Found a glowing golden altar of the Shining One.
  3894 | D:5      | Noticed Duvessa
  3895 | D:5      | Noticed Dowan
  3904 | D:5      | Killed Duvessa
  3910 | D:5      | HP: 1/46 [Kagorn's ghost (12)]
  3912 | D:5      | Demolished by Kagorn's ghost

Skill      XL: |  1  2  3  4  5  6 |
---------------+-------------------+-----
Maces & Flails | 3 4 5 |  5.8
Shields        | 4 5 6 |  6.2
Fighting       | |  3.0
Dodging        | |  3.0

Action                   |  1- 3 |  4- 6 |  7- 9 || total
-------------------------+-------+-------+-------++-------
Melee: Flail             |    70 |   137 |    16 ||   223
       Constrict         |    23 |    28 |     1 ||    52
       Tentacles         |    11 |    22 |     1 ||    34
  Use: Potion            |       |       |     1 ||     1
 Stab: Sleeping          |     4 |     7 |       ||    11
  Eat: Chunk             |     1 |     7 |       ||     8
Armor: Skin              |    13 |    17 |       ||    30
Dodge: Dodged            |    42 |    69 |     3 ||   114
Block: Shield            |    41 |    73 |    16 ||   130
